Map: Para Site LE

Players

zuka - Winner!

  • Race: Protoss Protoss
  • League: Master
  • Spawn Location: 5:00

Blissful

  • Race: Zerg Zerg
  • League: Master
  • Spawn Location: 11:00

VOD

Have the link to the VOD?

Description

Time

  • Played on: Oct. 5, 2018, 1:41 p.m.
  • Length: 7:30
Show
View Real Time Build Order
Export as new Build Order

zuka Protoss - Winner!

Build Orders: 1 Gate Expand, Oracle Opening 

Get SALT Encoding   

  12  0:01  Probe  
  13  0:13  Probe  
  14  0:18  Pylon  
  14  0:25  Probe  
  15  0:34  Probe  
  15  0:40  Gateway  
  15  0:42  Probe  
  16  0:49  Assimilator  
  17  0:51  Probe  
  18  0:59  Probe  
  19  1:07  Probe  
  21  1:28  Nexus  
  20  1:36  Cybernetics Core  
  20  1:40  Probe  
  21  1:47  Assimilator  
  21  1:52  Probe  
  22  2:00  Pylon  
  22  2:04  Probe  
  23  2:13  Warp Gate  
  23  2:15  Probe  
  23  2:18  Adept  
  26  2:23  Probe  
  27  2:32  Probe  
  28  2:39  Assimilator  
  28  2:42  Probe  
  29  2:44  Probe, Pylon  
  29  2:45  Stalker  
  32  2:54  Probe  
  32  2:56  Probe  
  34  3:06  Probe  
  34  3:08  Gateway  
  34  3:10  Stargate  
  35  3:15  Probe  
  35  3:19  Probe  
  38  3:27  Probe  
  38  3:31  Probe  
  38  3:34  Stargate  
  39  3:39  Probe  
  40  3:43  Probe, Oracle  
  41  3:51  Probe  
  41  3:55  Probe  
  46  3:57  Pylon  
  46  4:03  Probe  
  46  4:07  Probe  
  46  4:09  Oracle  
  48  4:10  Oracle  
  48  4:15  Probe  
  49  4:19  Probe  
  56  4:27  Twilight Council  
  56  4:28  Pylon  
  56  4:33  Gateway x2  
  56  4:36  Oracle  
  56  4:42  Oracle  
  56  4:45  Pylon  
  62  4:59  Charge  
  62  5:03  Gateway  
  62  5:05  Gateway  
  62  5:12  Probe  
  63  5:14  Pylon  
  63  5:19  Gateway  
  63  5:21  Gateway  
  63  5:27  Zealot x2  
  67  5:29  Gateway, Pylon  
  67  5:32  Gateway  
  67  5:37  Oracle  
  67  5:47  Oracle  
  67  5:49  Zealot x2  
  77  5:55  Pylon  
  77  5:56  Pylon  
  77  6:02  Pylon  
  77  6:07  Pylon  
  77  6:11  Zealot  
  77  6:12  Zealot x3  
  85  6:18  Gateway  
  85  6:20  Adept  
  85  6:30  Zealot  
  85  6:31  Zealot x2  
  91  6:38  Gateway  
  91  6:42  Zealot x4  
  91  6:44  Zealot  
  101  6:49  Zealot  
  103  6:54  Zealot x2  
  104  7:09  Zealot x2  
  104  7:10  Zealot x3  
Show
View Real Time Build Order
Export as new Build Order

Blissful Zerg 

Build Orders: Hatch First 

Get SALT Encoding   

  12  0:03  Drone  
  13  0:12  Overlord  
  13  0:17  Drone  
  14  0:32  Drone  
  14  0:33  Drone  
  16  0:50  Hatchery  
  16  0:53  Drone  
  16  0:56  Drone  
  17  1:03  Drone  
  18  1:07  Extractor  
  17  1:18  Spawning Pool  
  16  1:19  Drone  
  16  1:22  Drone  
  18  1:29  Drone  
  19  1:55  Drone  
  19  1:56  Drone  
  21  2:02  Overlord  
  21  2:05  Queen x2  
  21  2:06  Zergling x2  
  26  2:11  Metabolic Boost  
  26  2:13  Drone  
  27  2:16  Drone  
  28  2:24  Drone  
  28  2:27  Drone  
  30  2:33  Drone  
  31  2:38  Drone  
  32  2:46  Hatchery  
  32  2:47  Overlord  
  31  2:55  Queen  
  31  2:58  Drone  
  34  3:01  Drone x2  
  36  3:06  Drone x2  
  38  3:15  Drone  
  39  3:20  Drone x5  
  39  3:25  Overlord  
  44  3:36  Extractor x2  
  44  3:38  Baneling Nest  
  44  3:39  Overlord  
  41  3:46  Drone x3  
  44  3:56  Evolution Chamber, Zergling x2  
  44  3:58  Overlord  
  44  4:02  Drone x2  
  46  4:06  Drone  
  47  4:10  Drone  
  47  4:11  Drone x6  
  47  4:13  Queen  
  56  4:23  Zergling x6  
  59  4:25  Zerg Melee Weapons Level 1  
  59  4:27  Overlord  
  59  4:30  Zergling x2  
  59  4:31  Zergling x4  
  62  4:39  Lair  
  62  4:40  Drone x3  
  65  4:47  Drone x3  
  65  4:49  Spore Crawler  
  65  4:50  Spore Crawler  
  65  4:52  Spore Crawler  
  65  4:56  Drone  
  65  4:59  Overlord  
  66  5:01  Baneling x5  
  66  5:02  Overlord  
  66  5:10  Baneling x2  
  66  5:11  Overlord  
  66  5:18  Overlord  
  66  5:19  Overlord  
  66  5:22  Extractor  
  66  5:25  Drone x3  
  66  5:26  Drone x2  
  66  5:27  Zergling x18  
  74  5:42  Hydralisk Den  
  74  5:44  Spore Crawler x2  
  74  5:49  Queen  
  67  5:53  Spore Crawler  
  68  6:01  Drone x3  
  71  6:08  Hatchery, Drone  
  71  6:18  Grooved Spines  
  70  6:23  Hatchery  
  70  6:24  Hydralisk x4  
  75  6:39  Drone  
  77  6:40  Drone  
  77  6:48  Spore Crawler x2  
  77  6:50  Spore Crawler  
  77  6:52  Baneling x4  
  74  6:55  Hydralisk  
  74  6:56  Hydralisk x2  
  76  7:07  Zergling x10  
  76  7:08  Zergling x2  
Tags
 
Add a new tag
Caveats
  • Supply blocks, unpowered buildings, or Contaminate may cause inaccurate times.
  • Supply counts are checked every 10 seconds.